 Dungeon Crawl Stone Soup version 0.29.1-1-gd02db6906a (webtiles) character file.

Game seed: 16273880098644435168

19788 Icepheonix32 the Prestidigitator (level 12, -1/54 HPs)
             Began as a Deep Elf Fire Elementalist on Oct 6, 2022.
             Was a High Priest of Qazlal.
             Slain by a minotaur
             ... wielding a staff of earth
              (20 damage)
             ... in a Gauntlet.
             The game lasted 00:43:00 (18043 turns).

Icepheonix32 the Prestidigitator (DEFE)            Turns: 18043, Time: 00:43:00

Health: -1/54      AC: 17    Str: 13      XL:     12   Next: 39%
Magic:  27/38      EV: 16    Int: 25 (26) God:    Qazlal [*****.]
Gold:   715        SH:  6    Dex: 20 (21) Spells: 4/33 levels left

rFire   x . .      SeeInvis .   g - staff of cold
rCold   + . .      Faith    +   H - orb {*channel}
rNeg    . . .      Spirit   .   N - +0 steam dragon scales
rPois   .          Reflect  .   (helmet restricted)
rElec   .          Harm     .   (no cloak)
rCorr   .          Rampage  .   P - +1 pair of gloves
Will    +....      Rage     3%  l - +2 pair of boots {Stlth+}
Stlth   ++........ NoTele   +   x - amulet of faith
HPRegen 0.18/turn               A - +4 ring of protection
MPRegen 0.26/turn               Y - ring of Xiusch {rF- MP+9 Str+8 Dex+6}

@: protected from physical damage, repel missiles
A: horns 1, berserk 1, deterioration 1, frail 1
a: Renounce Religion, Upheaval, Elemental Force, Disaster Area


You were in a Gauntlet.
You worshipped Qazlal.
Qazlal was extremely pleased with you.
You visited 3 branches of the dungeon, and saw 15 of its levels.
You also visited: Gauntlet.

You collected 1835 gold pieces.
You spent 1120 gold pieces at shops.

Inventory:

Hand Weapons
 m - a +2 rapier of electrocution
Missiles
 E - 4 throwing nets
Armour
 a - the +1 robe of the Beginning {+Blink Str-4 Dex+4}
   (You found it on level 7 of the Dungeon)

   Str:       It affects your strength (-4).
   Dex:       It affects your dexterity (+4).
   +Blink:    It lets you blink.
 k - a +2 robe of fire resistance
 l - a +2 pair of boots of stealth (worn)
 y - a +0 helmet
 H - an orb of energy (worn)
 L - the +3 buckler of Refuge {Rampage rF+ rC+ Str+4}
   (You found it on level 6 of the Dungeon)

   Str:       It affects your strength (+4).
   rF:        It protects you from fire.
   rC:        It protects you from cold.
   Rampage:   It bestows one free step when moving towards enemies.
 M - a +2 robe of willpower
 N - +0 steam dragon scales (worn)
 P - a +1 pair of gloves (worn)
Magical Staves
 g - a staff of cold (weapon)
Jewellery
 d - a ring of protection from cold
 e - a +6 ring of intelligence
 o - a +4 ring of protection
 x - an amulet of faith (around neck)
 A - a +4 ring of protection (left hand)
 C - an amulet of guardian spirit
 G - a ring of see invisible
 O - a ring of flight
 R - an amulet of reflection
 X - the ring of Istrimiw {*Corrode rF+ rC+ SInv}
   (You found it in a Gauntlet)

   [ring of protection from fire]

   rF:        It protects you from fire.
   rC:        It protects you from cold.
   SInv:      It lets you see invisible.
   *Corrode:  It may corrode you when you take damage.
 Y - the ring of Xiusch (right hand) {rF- MP+9 Str+8 Dex+6}
   (You found it in a Gauntlet)

   [ring of dexterity]

   Str:       It affects your strength (+8).
   Dex:       It affects your dexterity (+6).
   rF:        It makes you vulnerable to fire.
   MP:        It affects your magic capacity (+9).
Wands
 u - a wand of quicksilver (5)
 v - a wand of charming (9)
 B - a wand of iceblast (11)
 U - a wand of flame (7)
Scrolls
 c - 2 scrolls of enchant weapon
 i - a scroll of blinking
 p - a scroll of vulnerability
 r - 2 scrolls of torment
 z - 5 scrolls of identify
 D - 3 scrolls of amnesia
 I - a scroll of magic mapping
 J - a scroll of butterflies
 S - 2 scrolls of fear
 V - a scroll of silence
 W - a scroll of enchant armour
Potions
 b - a potion of magic
 f - 3 potions of flight
 h - 5 potions of brilliance
 j - 3 potions of lignification
 n - 2 potions of heal wounds
 q - a potion of resistance
 s - 3 potions of attraction
 t - 5 potions of curing
 w - 2 potions of invisibility
 F - a potion of might
 K - 3 potions of cancellation
Miscellaneous
 Q - a lightning rod (4/4)
 T - a phantom mirror (inert)


   Skills:
 + Level 0.7 Fighting
 + Level 0.7 Staves
 + Level 6.9 Dodging
 - Level 4.0 Stealth
 + Level 0.7 Shields
 + Level 11.4 Spellcasting
 * Level 8.8 Conjurations
 + Level 0.1 Hexes
 * Level 10.9 Fire Magic
 + Level 5.1 Ice Magic
 + Level 0.1 Air Magic
 * Level 3.9 Invocations
 + Level 12.4 Evocations


You had 4 spell levels left.
You knew the following spells:

 Your Spells              Type           Power      Damage    Failure   Level
a - Foxfire               Conj/Fire      100%       2x1d9     1%          1
b - Scorch                Fire           100%       2d10      1%          2
c - Flame Wave            Conj/Fire      59%        2d14      1%          4
d - Swiftness             Air            15%        N/A       12%         3
e - Hailstorm             Conj/Ice       65%        3d14      2%          4
f - Call Canine Familiar  Summ           14%        N/A       13%         3
g - Inner Flame           Hex/Fire       42%        N/A       1%          3
h - Conjure Flame         Conj/Fire      59%        6-21      1%          3
i - Mephitic Cloud        Conj/Pois/Air  29%        N/A       3%          3
j - Ignite Poison         Fire/Tmut/Pois 32%        N/A       2%          3

Your spell library contained the following spells:

 Spells                   Type           Power      Damage    Failure   Level
 Stone Arrow              Conj/Erth      72%        3d11      1%          3
 Ensorcelled Hibernation  Hex/Ice        82%        N/A       2%          2
 Apportation              Tloc           28%        N/A       4%          1
 Beastly Appendage        Tmut           28%        N/A       4%          1
 Necrotise                Necr           56%        1d6       4%          1
 Sandblast                Erth           28%        2d8       4%          1
 Summon Small Mammal      Summ           56%        N/A       4%          1
 Passwall                 Tmut/Erth      11%        N/A       6%          2
 Wereblood                Tmut           14%        N/A       6%          2
 Fulminant Prism          Conj/Hex       18%        3d11      7%          4
 Iskenderun's Mystic Bla  Conj/Tloc      36%        2d9       7%          4
 Summon Guardian Golem    Hex/Summ       14%        N/A       12%         3
 Spider Form              Tmut/Pois      14%        N/A       13%         3
 Vampiric Draining        Necr           14%        2d7       13%         3
 Ice Form                 Ice/Tmut       40%        N/A       14%         4
 Olgreb's Toxic Radiance  Pois           14%        N/A       38%         4
 Freezing Cloud           Conj/Ice/Air   27%        6-21      17%         5
 Agony                    Necr           14%        N/A       75%         5
 Alistair's Intoxication  Tmut/Pois      9%         N/A       75%         5
 Lee's Rapid Deconstruct  Erth           7%         3d7*      75%         5
 Simulacrum               Ice/Necr       20%        N/A       92%         6
 Ignition                 Fire           31%        3d10      97%         8
 Ozocubu's Refrigeration  Ice            28%        4d13      99%         7
 Summon Cactus Giant      Summ           7%         N/A       100%        6


Dungeon Overview and Level Annotations

Branches:
Dungeon (11/15)            Temple (0/1) D:6            Lair (3/5) D:10
 Shoals (0/4) Lair:3        Snake (0/4) Lair:3          Orc (1/2) D:10
Gauntlet (1/1)

Altars:
Ashenzari
Cheibriados
Dithmenos
Elyvilon
Hepliaklqana
Kikubaaqudgha
Okawaru
Qazlal
Ru
Sif Muna
Trog
Wu Jian

Shops:
D:3 :   D:7 (=

Annotations:
D:11 1 transporter Gauntlet 8 transporters, 2 runed translucent doors


Innate Abilities, Weirdness & Mutations

You have a pair of small horns on your head.
You sometimes lose your temper in combat.
Your body sometimes deteriorates upon taking damage.
You are frail. (-10% HP)


Message History

The minotaur gores you!
Your body deteriorates!
You feel dopey.
Your minotaur is engulfed in blazing flames.
Your minotaur misses the minotaur.
Your minotaur gores the minotaur.
Unknown command.
Casting: Scorch (safe; 1% risk of failure)
Confirm with . or Enter, or press ? or * to list all spells.
Flames lash the minotaur.
The minotaur is moderately wounded.
The minotaur hits you with a staff of earth!
You block the minotaur's attack.
Your minotaur is engulfed in blazing flames.
Your minotaur hits the minotaur but does no damage.
Your minotaur gores the minotaur.
Unknown command.
Casting: Scorch (safe; 1% risk of failure)
Confirm with . or Enter, or press ? or * to list all spells.
Flames lash the minotaur.
The minotaur is heavily wounded.
Magical energy flows into your mind!
The minotaur hits you but does no damage.
The minotaur gores you.
You feel more protected from physical attacks.
Your minotaur hits the minotaur with a staff of earth.
Your minotaur gores the minotaur.
Unknown command.
Casting: Scorch (safe; 1% risk of failure)
Confirm with . or Enter, or press ? or * to list all spells.
Flames lash the minotaur but do no damage.
The minotaur hits you but does no damage.
The minotaur gores you but does no damage.
Your minotaur hits the minotaur with a staff of earth!!
Your minotaur gores the minotaur.
Unknown command.
Casting: Scorch (safe; 1% risk of failure)
Confirm with . or Enter, or press ? or * to list all spells.
Flames lash the minotaur.
The minotaur is almost dead.
The minotaur hits you with a staff of earth!!
You die...

#.# #.# #.#
#.# #.# # #.#
#.# .# #.#
#.## .⌠# ##.#
#..# ##.#
#..# ##.# ...
#.##
#.##.######.#
#...°HH@.#..#
#############


You could see a minotaur (combustible, ally target) and a friendly minotaur
(summoned, drained).

Vanquished Creatures
  A hydra (Lair:1)
  A boulder beetle (Lair:2)
  Erica (D:9)
  3 two-headed ogres
  A sixfirhy (Gauntlet)
  Pikel (D:8)
  A necromancer (Gauntlet)
  Maurice (D:10)
  A torpor snail (Lair:2)
  3 cane toads
  An unseen horror (D:10)
  A rime drake (Lair:1)
  2 komodo dragons
  2 trolls
  A polar bear (Lair:3)
  3 hornets
  4 dream sheep (Lair:2)
  5 blink frogs (Lair:2)
  2 raiju (Gauntlet)
  2 shadows
  A wyvern (D:9)
  7 yaks
  A basilisk (Lair:1)
  A wraith (D:9)
  3 steam dragons
  2 vampire mosquitoes (D:10)
  3 wargs (D:10)
  4 water moccasins
  3 ice beasts (D:6)
  7 orc warriors (D:10)
  2 black bears
  3 ogres
  4 centaurs
  9 wolves
  3 phantoms
  A lemure (D:8)
  6 bullfrogs
  2 necrophages
  3 gnoll sergeants
  3 scorpions
  12 wights
  3 killer bees (D:9)
  3 electric eels
  8 howler monkeys
  3 hounds
  2 jellies
  9 orc priests
  Ijyb (D:5)
  3 iguanas
  16 orc wizards
  A lightning spire (Gauntlet)
  A mummy (D:5)
  15 gnolls
  11 adders
  A white imp (D:7)
  2 ufetubi (Gauntlet)
  3 worms
  3 dart slugs
  39 orcs
  5 bats
  4 endoplasms
  4 giant cockroaches
  4 goblins
  2 hobgoblins
  3 jackals (D:4)
  6 kobolds
  2 quokkas
  3 training dummies (D:7)
  8 ball pythons
  3 frilled lizards
  3 rats
  8 foxfires
296 creatures vanquished.

Vanquished Creatures (collateral kills)
  A foxfire (D:9)
1 creature vanquished.

Vanquished Creatures (others)
  1212 foxfires
  19 fungi
  18 plants
1249 creatures vanquished.

Grand Total: 1546 creatures vanquished

Notes
Turn   | Place    | Note
-------+----------+-------------------------------------------
     0 | D:1      | Icepheonix32 the Deep Elf Fire Elementalist began the quest
                  | for the Orb.
     0 | D:1      | Reached XP level 1. HP: 10/10 MP: 6/6
   517 | D:1      | Reached XP level 2. HP: 15/15 MP: 5/8
   980 | D:2      | Learned a level 2 spell: Scorch
  1062 | D:2      | Reached XP level 3. HP: 19/19 MP: 2/9
  1274 | D:2      | Reached XP level 4. HP: 24/24 MP: 2/11
  2316 | D:2      | Learned a level 4 spell: Flame Wave
  2320 | D:2      | Learned a level 3 spell: Swiftness
  2514 | D:3      | Found a faded altar of an unknown god.
  2949 | D:3      | Found a stormy altar of Qazlal.
  2966 | D:3      | Became a worshipper of Qazlal Stormbringer
  3081 | D:3      | Found Oryodoq's Book Boutique.
  3200 | D:3      | Reached XP level 5. HP: 14/28 MP: 5/13
  3670 | D:4      | Noticed a phantom
  3675 | D:4      | Killed a phantom
  3676 | D:4      | Reached skill level 1 in Ice Magic
  3676 | D:4      | Reached skill level 1 in Evocations
  3676 | D:4      | Reached XP level 6. HP: 32/32 MP: 6/14
  3997 | D:4      | Reached skill level 5 in Fire Magic
  4066 | D:4      | Found an iron altar of Okawaru.
  4371 | D:5      | Entered Level 5 of the Dungeon
  4387 | D:5      | Reached skill level 5 in Spellcasting
  4401 | D:5      | Reached XP level 7. HP: 36/36 MP: 5/16
  4529 | D:5      | Reached skill level 2 in Evocations
  4640 | D:5      | Noticed Ijyb
  4647 | D:5      | Killed Ijyb
  4659 | D:5      | Learned a level 4 spell: Hailstorm
  4740 | D:5      | Reached * piety under Qazlal
  5073 | D:5      | Reached skill level 3 in Evocations
  5128 | D:5      | Found a snail-covered altar of Cheibriados.
  5303 | D:5      | Reached XP level 8. HP: 41/41 MP: 13/18
  5439 | D:5      | Found a bloodstained altar of Trog.
  5471 | D:5      | You fall into a shaft and drop 3 floors!
  5509 | D:8      | Noticed a hornet
  5515 | D:8      | Killed a hornet
  5516 | D:8      | Reached skill level 5 in Conjurations
  5591 | D:7      | Found Aquigas's Jewellery Shoppe.
  5752 | D:6      | Identified the +3 buckler of Refuge {Rampage rF+ rC+ Str+4}
  5959 | D:6      | Reached skill level 5 in Dodging
  6332 | D:6      | Reached ** piety under Qazlal
  6339 | D:6      | Reached skill level 4 in Evocations
  6411 | D:6      | Reached XP level 9. HP: 35/45 MP: 12/21
  6758 | D:6      | Found a staircase to the Ecumenical Temple.
  6983 | D:7      | Found a shimmering blue altar of Sif Muna.
  7353 | D:7      | Found Lueptoulu's Firing Range.
  7494 | D:7      | Found a broken altar of Ashenzari.
  7495 | D:7      | Found an ornate altar of the Wu Jian Council.
  7550 | D:7      | Reached skill level 5 in Evocations
  8156 | D:7      | Found a shadowy altar of Dithmenos.
  8166 | D:7      | Identified the +1 robe of the Beginning {+Blink Str-4
                  | Dex+4}
  8438 | D:8      | Reached *** piety under Qazlal
  8553 | D:8      | Noticed Pikel
  8677 | D:8      | Killed Pikel
  8767 | D:8      | Found a white marble altar of Elyvilon.
  8846 | D:8      | Found a faded altar of an unknown god.
  8846 | D:8      | Found a hazy altar of Hepliaklqana.
  8848 | D:8      | Found a faded altar of an unknown god.
  9141 | D:8      | Identified a scroll of acquirement
  9141 | D:8      | Acquired 1066 gold pieces
  9237 | D:3      | Bought the Unrestrained Analects for 616 gold pieces
  9310 | D:7      | Bought a +6 ring of intelligence for 504 gold pieces
  9366 | D:9      | Reached XP level 10. HP: 50/50 MP: 17/24
  9382 | D:9      | Noticed a two-headed ogre
  9389 | D:9      | Killed a two-headed ogre
  9390 | D:9      | Reached skill level 5 in Ice Magic
  9390 | D:9      | Reached skill level 6 in Evocations
  9744 | D:9      | Found an ancient bone altar of Kikubaaqudgha.
  9777 | D:9      | Reached skill level 7 in Evocations
  9940 | D:9      | Reached skill level 8 in Evocations
  9970 | D:9      | Noticed Erica
  9991 | D:9      | Killed Erica
  9992 | D:9      | Reached skill level 9 in Evocations
 10297 | D:9      | Found a sacrificial altar of Ru.
 10430 | D:10     | Entered Level 10 of the Dungeon
 10453 | D:10     | Noticed a two-headed ogre
 10459 | D:10     | Killed a two-headed ogre
 10460 | D:10     | Reached skill level 10 in Evocations
 10596 | D:10     | Noticed Maurice
 10604 | D:10     | Killed Maurice
 10605 | D:10     | Reached XP level 11. HP: 52/54 MP: 22/26
 10659 | D:10     | Reached **** piety under Qazlal
 10664 | D:10     | Reached skill level 11 in Evocations
 11703 | D:10     | Reached skill level 12 in Evocations
 12088 | D:10     | Found a staircase to the Lair.
 12359 | D:10     | Found a staircase to the Orcish Mines.
 12464 | D:11     | Noticed a boulder beetle
 13090 | D:10     | Gained mutation: You are frail. (-10% HP) [potion of
                  | mutation]
 13090 | D:10     | Gained mutation: Your body sometimes deteriorates upon
                  | taking damage. [potion of mutation]
 13090 | D:10     | Gained mutation: You sometimes lose your temper in combat.
                  | [potion of mutation]
 13090 | D:10     | Gained mutation: You have a pair of small horns on your
                  | head. [potion of mutation]
 13093 | Orc:1    | Entered Level 1 of the Orcish Mines
 13098 | Orc:1    | Noticed an orc sorcerer
 13098 | Orc:1    | Noticed an orc high priest
 13100 | Orc:1    | Noticed a sixfirhy
 13165 | Lair:1   | Entered Level 1 of the Lair of Beasts
 13170 | Lair:1   | Noticed a six-headed hydra
 13692 | D:11     | Found a transporter.
 13694 | D:11     | Found a transporter.
 13698 | D:11     | Found a transporter.
 13699 | D:11     | Found a transporter.
 14024 | D:11     | Noticed a two-headed ogre
 14036 | D:11     | Killed a two-headed ogre
 14036 | D:11     | Reached ***** piety under Qazlal
 14037 | D:11     | Reached skill level 1 in Invocations
 14673 | D:10     | Learned a level 3 spell: Call Canine Familiar
 14677 | D:10     | Learned a level 3 spell: Inner Flame
 14681 | D:10     | Learned a level 3 spell: Conjure Flame
 14682 | Orc:1    | Paralysed by an orc sorcerer for 2 turns
 14683 | Orc:1    | Noticed a sixfirhy
 14683 | Orc:1    | Noticed a sun demon
 14939 | Lair:1   | Killed a six-headed hydra
 15556 | Lair:1   | Reached skill level 10 in Fire Magic
 16048 | Lair:2   | Reached skill level 10 in Spellcasting
 16226 | Lair:2   | Noticed a boulder beetle
 16239 | Lair:2   | Killed a boulder beetle
 16240 | Lair:2   | Reached XP level 12. HP: 18/54 MP: 11/28
 16637 | Lair:2   | Learned a level 3 spell: Mephitic Cloud
 16641 | Lair:2   | Learned a level 3 spell: Ignite Poison
 17028 | Lair:3   | Found a gate leading to a gauntlet.
 17046 | Gauntlet | Entered a Gauntlet
 17046 | Gauntlet | Found a transporter.
 17084 | Gauntlet | Found a transporter.
 17086 | Gauntlet | Found a transporter.
 17097 | Gauntlet | Found a transporter.
 17100 | Gauntlet | Found a transporter.
 17109 | Gauntlet | Found a transporter.
 17124 | Gauntlet | Found a transporter.
 17125 | Gauntlet | Noticed a reaper
 17136 | Gauntlet | Found a transporter.
 17147 | Gauntlet | Found a transporter.
 17150 | Gauntlet | Noticed a quicksilver ooze
 17161 | Gauntlet | Found a transporter.
 17173 | Gauntlet | Found a runed translucent door.
 17175 | Gauntlet | Found a transporter.
 17175 | Gauntlet | Found a transporter.
 17178 | Gauntlet | Found a runed translucent door.
 17228 | Gauntlet | Found a transporter.
 17238 | Gauntlet | Noticed a ghost crab
 17242 | Gauntlet | Found a transporter.
 17943 | Gauntlet | Identified the ring of Istrimiw {*Corrode rF+ rC+ SInv}
 17945 | Gauntlet | Identified the ring of Xiusch {rF- MP+9 Str+8 Dex+6}
 18031 | Gauntlet | Identified the +9 chain mail "Enores" {Int+4}
 18031 | Gauntlet | Identified the ring of Uczey {rF+ Will+ Dex+4}
 18031 | Gauntlet | Noticed a minotaur
 18043 | Gauntlet | Slain by a minotaur

Illustrated notes

Levels and vault maps discovered:
D:1:      shiori_shiawase, layout_basic
D:2:      layout_loops_ring
D:3:      layout_loops_ring, mainiacjoe_overflow_small_starburst, serial_shops,
          nicolae_shop_trees, shapermc_ecumenical_altar_ellora,
          eino_tiny_chamber
D:4:      layout_basic, okawaru_gym_becter
D:5:      layout_loops_ring, bloody_trog, slow_altar_2, uniq_ijyb
D:6:      layout_loops_ring, minmay_temple_entry_fiery
D:7:      layout_basic, kennysheep_mini_moat, led_sif_book,
          nicolae_overflow_squiral, serial_shops, nicolae_shop_behind_doors,
          nicolae_shop_firing_range
D:8:      layout_rooms, overflow_temple_1_default,
          nicolae_hepliaklqana_ecumenical_no_more, uniq_pikel
D:9:      layout_cave_pools, mainiacjoe_overflow_boulevard,
          nicolae_ru_the_path_less_chosen, uniq_erica
D:10:     minmay_angry_zag, layout_long_grid, erik_lair_orcish_takeover,
          david_orc_4, dreamdust_mushroom_princess, uniq_maurice
D:11:     layout_basic, nicolae_diode_quadrants
Lair:1:   layout_misc_corridors, hangedman_lair_unloving_vines, st_stairs_5,
          serial_bayou_pond_a, serial_bayou_shore_b, serial_bayou_shore_b
Lair:2:   layout_misc_corridors
Lair:3:   layout_layer_cave, elwin_shoals_entry_rocks,
          minmay_snake_entry_guardpost_medium, gauntlet_entry_generic,
          serial_bayou_pond_d
Orc:1:    layout_caves, serial_shops, basic_altar
Gauntlet: minmay_gauntlet_77_tree [minmay_gauntlet_arena_77_radiant_squares,
          minmay_gauntlet_arena_77_checkered,
          minmay_gauntlet_arena_77_shame_cube,
          minmay_gauntlet_arena_77_tiled_triplets, minmay_gauntlet_arena_77_box,
          minmay_gauntlet_arena_77_two_lines,
          minmay_gauntlet_arena_77_terracotta_army,
          dreamdust_gauntlet_exit_labyrinth]

Skill      XL: |  1  2  3  4  5  6  7  8  9 10 11 12 |
---------------+-------------------------------------+-----
Conjurations   | 2 3 4 5 7 8 |  8.8
Dodging        | 3 4 5 6 |  6.9
Fire Magic     | 4 5 6 7 8 10 | 10.9
Spellcasting   | 4 5 7 8 9 10 11 | 11.4
Ice Magic      | 1 2 3 4 5 |  5.1
Evocations     | 1 3 4 5 10 12 | 12.4
Stealth        | 3 4 |  4.0
Invocations    | 2 3 |  3.9
Fighting       | |  0.7
Staves         | |  0.7
Shields        | |  0.7
Hexes          | |  0.1
Air Magic      | |  0.1

Action                   |  1- 3 |  4- 6 |  7- 9 | 10-12 || total
-------------------------+-------+-------+-------+-------++-------
Melee: Unarmed           |    13 |       |       |       ||    13
       Punch             |     1 |     1 |       |       ||     2
       Short sword       |     5 |       |       |       ||     5
       Staff             |     6 |    20 |    15 |    26 ||    67
       Headbutt          |       |       |       |     8 ||     8
 Cast: Foxfire           |    58 |   148 |   236 |   283 ||   725
       Scorch            |     2 |     7 |    50 |   118 ||   177
       Flame Wave        |       |       |     3 |    18 ||    21
       Hailstorm         |       |       |     1 |    13 ||    14
       Swiftness         |       |       |       |     3 ||     3
       Call Canine Famil |       |       |       |     2 ||     2
       Inner Flame       |       |       |       |     1 ||     1
       Mephitic Cloud    |       |       |       |     1 ||     1
       Ignite Poison     |       |       |       |     1 ||     1
Evoke: Wand              |       |       |       |     1 ||     1
       Phantom mirror    |       |       |       |     1 ||     1
  Use: Scroll            |       |     2 |    13 |    11 ||    26
       Potion            |       |       |       |    10 ||    10
Armor: Robe              |     6 |     6 |    31 |    18 ||    61
       Steam dragon scal |       |       |       |    15 ||    15
Dodge: Dodged            |    36 |    23 |    38 |    89 ||   186
       Repelled          |       |       |       |     1 ||     1
Block: Orb               |       |       |     6 |    32 ||    38
       Other             |       |       |       |    17 ||    17
